Map: Blackburn LE

Players

ShaDoWn - Winner!

  • Race: Protoss Protoss
  • League: Grandmaster

BlyOnFire (Bly)

  • Race: Zerg Zerg

Event: DreamHack SC2 Masters 2021 Summer

VOD

Have the link to the VOD?

Description

Time

  • Played on: May 28, 2021, 12:48 p.m.
  • Length: 18:00

All games in this series

Show
View Real Time Build Order
Export as new Build Order

ShaDoWn Protoss - Winner!

Build Orders: 1 Gate Expand, Oracle Opening, Carriers 

Get SALT Encoding   

  12  0:00  Probe  
  13  0:12  Probe  
  14  0:20  Pylon  
  14  0:24  Probe  
  15  0:38  Probe (Chrono Boost)  
  15  0:40  Gateway  
  16  0:47  Probe (Chrono Boost)  
  16  0:49  Assimilator  
  17  0:52  Probe (Chrono Boost)  
  18  1:04  Probe  
  19  1:16  Probe  
  20  1:26  Nexus  
  20  1:36  Cybernetics Core  
  20  1:39  Probe  
  21  1:44  Assimilator  
  21  1:51  Probe  
  22  1:55  Pylon  
  22  2:03  Probe  
  23  2:10  Adept (Chrono Boost)  
  25  2:16  Probe  
  25  2:20  Stargate  
  26  2:26  Warp Gate  
  26  2:28  Probe (Chrono Boost)  
  27  2:35  Stalker  
  29  2:38  Probe (Chrono Boost)  
  29  2:42  Probe (Chrono Boost)  
  31  2:49  Probe (Chrono Boost)  
  31  2:50  Probe (Chrono Boost)  
  33  2:54  Probe (Chrono Boost)  
  33  2:55  Probe (Chrono Boost)  
  35  3:01  Oracle (Chrono Boost)  
  35  3:05  Probe  
  39  3:07  Probe  
  39  3:10  Pylon  
  40  3:17  Probe  
  40  3:19  Probe  
  42  3:22  Gateway  
  42  3:29  Probe  
  42  3:31  Probe  
  42  3:32  Oracle  
  48  3:41  Probe  
  48  3:43  Probe  
  49  3:53  Probe  
  51  3:55  Probe  
  51  3:58  Nexus  
  51  4:02  Pylon  
  51  4:05  Probe  
  51  4:07  Probe  
  51  4:09  Assimilator x2  
  53  4:17  Probe  
  53  4:20  Probe, Oracle  
  53  4:22  Adept  
  60  4:26  Pylon  
  60  4:29  Probe  
  61  4:32  Probe  
  61  4:35  Twilight Council  
  62  4:41  Forge  
  62  4:44  Probe x2, Gateway  
  64  4:46  Pylon  
  64  4:52  Adept  
  66  4:53  Adept  
  66  4:56  Probe x2  
  70  5:10  Probe (Chrono Boost)  
  70  5:11  Probe x2 (Chrono Boost)  
  70  5:13  Protoss Ground Weapons Level 1 (Chrono Boost), Shield Battery  
  72  5:18  Blink  
  75  5:23  Probe (Chrono Boost)  
  75  5:25  Probe x2 (Chrono Boost)  
  75  5:27  Probe (Chrono Boost), Sentry x2  
  79  5:32  Probe  
  79  5:33  Probe  
  80  5:37  Probe  
  80  5:38  Assimilator  
  79  5:43  Assimilator  
  79  5:44  Probe  
  79  5:45  Probe  
  79  5:46  Sentry  
  79  5:49  Probe, Gateway x2  
  84  5:56  Probe, Sentry x2  
  89  5:57  Probe  
  89  6:01  Probe  
  91  6:05  Pylon  
  91  6:09  Probe, Pylon  
  93  6:17  Probe  
  93  6:25  Pylon  
  93  6:30  Nexus, Stalker x3  
  99  6:33  Gateway  
  99  6:35  Gateway  
  99  6:36  Pylon  
  99  6:38  Pylon  
  99  6:39  Probe x3  
  102  6:42  Dark Shrine  
  102  6:45  Robotics Facility  
  105  6:54  Void Ray (Chrono Boost)  
  105  7:00  Stalker x5  
  112  7:04  Gateway  
  116  7:13  Shield Battery  
  110  7:24  Stalker x2  
  110  7:25  Stalker x3  
  110  7:27  Probe  
  121  7:34  Probe  
  121  7:35  Robotics Facility  
  122  7:38  Robotics Bay  
  122  7:40  Stalker  
  122  7:44  Pylon  
  124  7:46  Pylon  
  124  7:52  Observer  
  124  7:55  Pylon  
  125  8:00  Protoss Ground Weapons Level 2  
  125  8:03  Probe  
  126  8:13  Nexus  
  126  8:14  Pylon  
  126  8:18  Probe  
  127  8:26  Stalker x6  
  127  8:27  Stalker x2  
  141  8:29  Probe  
  140  8:35  Probe  
  140  8:36  Disruptor x2  
  147  8:51  Probe x3  
  147  8:53  Dark Templar x2  
  148  9:01  Stalker x4  
  148  9:02  Shield Battery  
  156  9:03  Shield Battery  
  156  9:06  Shield Battery  
  156  9:09  Probe, Photon Cannon  
  157  9:17  Assimilator  
  157  9:18  Assimilator  
  157  9:25  Probe  
  157  9:26  Pylon  
  157  9:27  Disruptor (Chrono Boost), Pylon  
  164  9:33  Disruptor (Chrono Boost)  
  164  9:35  Pylon  
  164  9:38  Stalker x4  
  172  9:53  Probe x2  
  172  9:56  Zealot x4  
  172  9:58  Charge  
  182  10:05  Disruptor (Chrono Boost)  
  183  10:08  Pylon  
  183  10:10  Pylon  
  179  10:15  Dark Templar  
  181  10:22  Zealot  
  181  10:27  Photon Cannon x2  
  183  10:30  Photon Cannon  
  183  10:38  Nexus, Stargate  
  183  10:39  Fleet Beacon  
  183  10:42  Stargate  
  177  10:49  Pylon  
  177  10:53  Photon Cannon  
  177  10:55  Photon Cannon  
  177  10:59  Probe, Assimilator  
  177  11:00  Dark Templar x2  
  177  11:01  Dark Templar x2  
  177  11:03  Assimilator  
  184  11:07  Archon x2  
  184  11:11  Shield Battery  
  184  11:14  Photon Cannon  
  184  11:15  Dark Templar x2  
  188  11:30  Pylon  
  188  11:32  Pylon  
  185  11:35  Void Ray  
  185  11:38  Fleet Beacon  
  185  11:39  Protoss Ground Weapons Level 3 (Chrono Boost)  
  185  11:41  Stargate  
  189  11:50  Photon Cannon, Pylon  
  189  11:52  Archon, Pylon  
  189  11:54  Dark Templar x2  
  189  12:00  Dark Templar x2  
  195  12:06  Archon x2  
  192  12:19  Stalker x4  
  198  12:39  Protoss Air Weapons Level 1 (Chrono Boost)  
  198  12:40  Dark Templar  
  195  12:45  Archon  
  195  12:47  Zealot  
  195  12:49  Photon Cannon  
  193  12:52  Shield Battery  
  189  13:00  Zealot x6  
  195  13:10  Carrier (Chrono Boost)  
  195  13:12  Probe  
  198  13:31  Nexus  
  198  13:33  Pylon  
  198  13:34  Carrier (Chrono Boost)  
  184  13:59  Probe  
  184  14:02  Probe  
  166  14:08  Probe  
  152  14:10  Carrier (Chrono Boost)  
  152  14:15  Zealot x8  
  152  14:17  Probe  
  165  14:23  Shield Battery  
  162  14:26  Photon Cannon, Carrier (Chrono Boost)  
  162  14:27  Probe, Photon Cannon  
  162  14:28  Carrier (Chrono Boost)  
  162  14:30  Photon Cannon  
  169  14:33  Photon Cannon  
  169  14:34  Shield Battery  
  165  14:41  Dark Templar x4  
  171  14:47  Archon x2  
  165  14:58  Carrier (Chrono Boost)  
  165  14:59  Probe  
  156  15:00  Probe x3  
  156  15:01  Probe, Zealot  
  156  15:02  Zealot x2  
  164  15:09  Zealot  
  161  15:16  Probe  
  161  15:17  Probe  
  165  15:21  Carrier (Chrono Boost)  
  165  15:22  Probe  
  165  15:24  Carrier (Chrono Boost)  
  146  15:30  Probe x4  
  146  15:32  Templar Archives  
  146  15:34  Probe  
  149  15:51  Warp Prism (Chrono Boost)  
  149  15:52  Carrier (Chrono Boost)  
  149  15:54  Protoss Air Weapons Level 2 (Chrono Boost)  
  157  16:04  Void Ray (Chrono Boost)  
  157  16:09  Void Ray (Chrono Boost)  
  165  16:13  High Templar x7  
  165  16:14  High Templar  
  165  16:18  Archon x2  
  181  16:20  Archon  
  181  16:21  Archon  
  175  16:29  Pylon  
  175  16:31  Void Ray (Chrono Boost)  
  175  16:39  Void Ray (Chrono Boost)  
  179  16:40  Probe x2  
  185  16:47  High Templar x3  
  185  16:48  High Templar, Zealot x3  
  185  16:51  Archon  
  185  16:52  Archon  
  199  16:57  Probe  
  194  17:02  Probe  
  194  17:06  Probe  
  194  17:08  Void Ray  
  194  17:12  Probe  
  187  17:23  Probe  
  196  17:30  Zealot x2  
  196  17:33  Nexus  
  196  17:36  Zealot  
  200  17:40  Pylon  
  193  17:45  Nexus  
  193  17:47  Zealot x3  
  193  17:50  Zealot x2  
Show
View Real Time Build Order
Export as new Build Order

BlyOnFire Zerg 

Build Orders: Hatch First, Brood Lord Corruptor, Swarm Host 

Get SALT Encoding   

  12  0:00  Drone  
  13  0:12  Overlord  
  13  0:17  Drone  
  14  0:30  Drone x2  
  16  0:47  Drone  
  17  0:51  Hatchery  
  17  0:55  Drone  
  17  0:58  Drone  
  18  1:08  Extractor  
  17  1:13  Spawning Pool  
  17  1:16  Drone  
  17  1:21  Drone  
  18  1:28  Drone  
  19  1:42  Drone  
  20  1:53  Overlord  
  20  2:00  Queen  
  22  2:03  Queen  
  22  2:04  Zergling x4  
  26  2:12  Metabolic Boost  
  26  2:14  Drone x2  
  28  2:23  Drone  
  29  2:38  Hatchery  
  29  2:41  Queen  
  30  2:50  Drone x2  
  32  2:51  Overlord  
  32  2:56  Drone  
  32  2:57  Drone  
  34  3:04  Overlord  
  35  3:05  Drone x2  
  36  3:15  Drone x4  
  40  3:22  Spore Crawler  
  39  3:31  Zergling x4  
  39  3:33  Queen  
  43  3:35  Overlord  
  43  3:38  Drone  
  44  3:48  Drone x4  
  45  3:50  Spore Crawler  
  47  3:58  Drone x5  
  47  4:01  Queen  
  52  4:05  Overlord  
  52  4:07  Drone  
  52  4:08  Drone  
  54  4:16  Lair  
  54  4:17  Drone  
  54  4:18  Drone x2  
  57  4:26  Drone x2  
  57  4:27  Drone, Spore Crawler  
  59  4:31  Queen  
  59  4:42  Drone x5  
  59  4:43  Drone x5  
  69  4:48  Drone x3  
  72  4:56  Roach Warren, Zergling x4  
  73  5:05  Overlord x2  
  73  5:12  Zergling x4  
  73  5:16  Extractor x2, Overlord  
  73  5:18  Extractor x2, Overlord  
  73  5:19  Extractor  
  68  5:25  Hatchery  
  68  5:26  Drone x6  
  68  5:27  Drone x2  
  75  5:35  Drone x4  
  77  5:41  Drone x2  
  77  5:45  Drone, Infestation Pit  
  77  5:49  Glial Reconstitution  
  77  5:52  Drone x4, Evolution Chamber  
  80  6:03  Drone x4  
  84  6:09  Nydus Network  
  81  6:19  Zerg Missile Weapons Level 1  
  81  6:20  Drone x2  
  81  6:21  Drone x3  
  81  6:22  Overlord  
  81  6:24  Overlord  
  86  6:29  Overseer  
  86  6:35  Roach x7  
  100  6:41  Spore Crawler  
  100  6:42  Roach  
  100  6:50  Nydus Canal  
  100  6:53  Spore Crawler  
  97  6:56  Roach x7  
  97  6:59  Roach x7  
  126  7:01  Overlord  
  126  7:07  Nydus Canal  
  126  7:15  Overlord x5  
  126  7:19  Overlord  
  124  7:23  Overlord  
  124  7:26  Overlord  
  124  7:29  Overlord x2  
  116  7:35  Overseer  
  112  7:39  Swarm Host x8  
  134  7:48  Hatchery  
  134  7:49  Swarm Host x4  
  142  7:53  Drone x5  
  147  8:08  Nydus Canal  
  147  8:11  Drone x14  
  161  8:15  Extractor x2, Spire  
  158  8:23  Nydus Canal  
  158  8:25  Overlord  
  158  8:28  Overlord  
  157  8:42  Nydus Canal  
  157  8:44  Zerg Melee Weapons Level 1  
  157  8:46  Drone x3  
  157  8:47  Drone x3  
  163  8:51  Hatchery  
  163  8:54  Zergling x2  
  163  8:55  Zergling x28  
  177  8:59  Baneling Nest  
  173  9:12  Pneumatized Carapace  
  173  9:13  Overseer x2  
  161  9:24  Zergling x34  
  161  9:25  Zergling x16  
  161  9:27  Overseer  
  161  9:30  Ravager x2  
  161  9:31  Ravager x3  
  191  9:32  Ravager  
  191  9:33  Zerg Flyer Weapons Level 1  
  191  9:35  Nydus Canal  
  190  9:43  Spine Crawler x2  
  190  9:44  Spine Crawler  
  188  9:45  Zergling x10  
  188  9:46  Centrifical Hooks, Zergling x4  
  190  9:53  Nydus Canal  
  190  10:01  Hive  
  180  10:18  Spine Crawler  
  180  10:20  Spine Crawler  
  173  10:38  Hatchery  
  171  10:46  Nydus Canal  
  169  10:51  Overseer  
  169  10:56  Spore Crawler  
  167  10:58  Baneling x11  
  167  10:59  Baneling x6  
  167  11:01  Zerg Melee Weapons Level 2  
  166  11:06  Baneling x11  
  166  11:07  Zergling x68  
  199  11:25  Overlord  
  196  11:31  Adrenal Glands  
  196  11:33  Greater Spire  
  196  11:34  Zergling x8  
  200  11:45  Baneling  
  200  11:46  Baneling x16  
  200  11:50  Overseer  
  198  12:26  Nydus Canal  
  180  12:37  Corruptor x10  
  193  12:46  Nydus Canal  
  176  13:17  Brood Lord x3  
  176  13:18  Brood Lord x6  
  176  13:19  Nydus Canal  
  194  13:25  Brood Lord  
  194  13:30  Spine Crawler  
  194  13:32  Spine Crawler  
  194  13:33  Spine Crawler, Zergling x2, Spore Crawler  
  194  13:34  Zergling x28  
  199  13:45  Zergling x2  
  199  13:47  Zerg Flyer Weapons Level 2  
  195  13:49  Ultralisk Cavern  
  195  13:53  Zergling x40  
  195  13:54  Zergling x2  
  200  13:58  Zergling x12  
  200  13:59  Zergling x2  
  190  14:04  Zergling x2  
  190  14:05  Zergling x14  
  184  14:11  Roach x6  
  184  14:13  Nydus Canal  
  196  14:22  Corruptor x2  
  200  14:28  Baneling x17  
  200  14:31  Nydus Canal  
  195  14:46  Corruptor x4  
  192  14:53  Corruptor x3  
  191  15:02  Corruptor x5  
  194  15:11  Corruptor x3  
  170  15:25  Corruptor x3  
  170  15:26  Zergling x16  
  174  15:36  Brood Lord  
  172  15:52  Nydus Canal  
  172  15:55  Extractor  
  172  15:56  Extractor  
  172  15:57  Viper  
  170  15:59  Brood Lord x2  
  177  16:19  Infestor x2  
  181  16:34  Drone x6  
  187  16:43  Zergling x24  
  199  16:47  Baneling x5  
  199  16:54  Nydus Canal  
  199  16:55  Hatchery  
  186  17:04  Zergling x22  
  156  17:19  Corruptor  
  156  17:20  Corruptor x6  
  151  17:30  Corruptor  
  151  17:31  Corruptor x2  
  150  17:38  Nydus Canal  
Tags
 
Add a new tag
Caveats
  • Supply blocks, unpowered buildings, or Contaminate may cause inaccurate times.
  • Supply counts are checked every 10 seconds.